 Dungeon Crawl Stone Soup version 0.17.1-3-g152610e (webtiles) character file.

70544 jacquesderrida the Martial Artist (level 14, 0/108 HPs)
             Began as a Demonspawn Summoner on Apr 7, 2016.
             Was an Elder of Ashenzari.
             Killed by vampiric draining
             ... invoked by a deep elf death mage
              (9 damage)
             ... on level 1 of the Elven Halls on Apr 8, 2016.
             The game lasted 01:20:05 (10230 turns).

jacquesderrida the Martial Artist (DsSu)           Turns: 10230, Time: 01:20:05

Health: 0/108      AC: 21    Str: 12    XL:     14   Next: 94%
Magic:  15/25      EV: 18    Int: 16    God:    Ashenzari [****..]
Gold:   1120       SH:  8    Dex: 20    Spells: 5 memorised, 12 levels left

rFire  + . .     SeeInvis +       - Unarmed
rCold  . . .     Clarity  +     Q - +1 ring mail {rF+}
rNeg   . . .     SustAt   .     g - +2 buckler "Nejis" {Dex+4}
rPois  .         Gourm    .     f - +2 hat (curse)
rElec  .         Spirit   .     C - +1 cloak {MR+} (curse)
rCorr  .         Warding  .     (gloves unavailable)
rMut   .         Stasis   .     i - +0 pair of boots (curse)
MR     ++...                    S - amulet of regeneration (curse)
Stlth  ..........               e - ring of loudness (curse)
                                q - ring of wizardry

@: starving, heavily drained, very resistant to hostile enchantments, extremely
unstealthy
A: claws 3, iridescent scales 3, powered by death 2
a: Scrying, Renounce Religion


You were on level 1 of the Elven Halls.
You worshipped Ashenzari.
Ashenzari was greatly pleased with you.
You were starving.

You visited 5 branches of the dungeon, and saw 25 of its levels.
You also visited: Volcano.

You collected 2042 gold pieces.
You spent 922 gold pieces at shops.

Inventory:

Hand Weapons
 v - a +0 blowgun
 H - a +4 scimitar of flaming
Missiles
 n - 8 curare-tipped needles
 F - 7 javelins (quivered)
Armour
 f - a cursed +2 hat (worn)
 g - the +2 buckler "Nejis" (worn) {Dex+4}
   (You bought it in a shop on level 4 of the Orcish Mines)

   It affects your dexterity (+4).
 i - a cursed +0 pair of boots (worn)
 p - a mottled dragon hide
 C - a cursed +1 cloak of magic resistance (worn)
 L - the +0 helmet "Mobacac" {*Contam rElec Regen+ Dex-2}
   (You bought it in a shop on level 4 of the Orcish Mines)

   It affects your dexterity (-2).
   It insulates you from electricity.
   It causes magical contamination when unequipped.
   It increases your rate of regeneration.
 Q - a +1 ring mail of fire resistance (worn)
 R - a +0 leather armour of poison resistance
Jewellery
 d - a +6 ring of evasion
 e - a cursed ring of loudness (right claw)
 q - a ring of wizardry (left claw)
 z - a +5 ring of intelligence
 P - an uncursed amulet of resist mutation
 S - a cursed amulet of regeneration (around neck)
Wands
 a - a wand of fire (1)
 E - a wand of polymorph (1)
 G - a wand of hasting (3)
 N - a wand of disintegration (10)
Scrolls
 h - 5 scrolls of identify
 o - a scroll of magic mapping
 t - 2 scrolls of teleportation
 u - 3 scrolls of fog
 A - 2 scrolls of recharging
 M - 2 scrolls of curse weapon
 O - a scroll of immolation
Potions
 b - a potion of ambrosia
 j - 3 potions of curing
 k - a potion of haste
 m - 2 potions of flight
 r - a potion of cure mutation
 T - 2 potions of berserk rage
 V - a potion of magic
 Y - a potion of lignification
Miscellaneous
 B - a phantom mirror
 K - a sack of spiders {used: 1}
Comestibles
 c - 2 bread rations
 l - 10 royal jellies
 s - 7 meat rations


   Skills:
 - Level 9.1(7.3) Fighting
   Level 0.5(0.0) Maces & Flails
 + Level 8.1(8.6) Armour
 + Level 10.1(10.3) Dodging
 - Level 1.7(0.3) Stealth
 - Level 5.2(3.6) Shields
 + Level 11.2(9.3) Unarmed Combat
 - Level 7.7(5.9) Spellcasting
 - Level 11.0 Summonings


You had 12 spell levels left.
You knew the following spells:

 Your Spells              Type           Power        Failure   Level  Hunger
a - Summon Guardian Gole  Hex/Summ       ###.....     4%          3    ##.....
b - Summon Ice Beast      Ice/Summ       ###.....     12%         4    ####...
c - Call Canine Familiar  Summ           #####...     1%          3    ##.....
d - Call Imp              Summ           #####...     1%          2    #......
e - Summon Lightning Spi  Summ/Air       ###.....     12%         4    ####...


Dungeon Overview and Level Annotations

Branches:
Dungeon (14/15)            Temple (1/1) D:5            Lair (4/8) D:9
  Snake (0/4) Lair:4          Orc (4/4) D:9             Elf (2/3) Orc:4
  Swamp: Lair:3-6    Shoals: Lair:3-6    Vaults: D:13-14

Altars:
Ashenzari
Cheibriados
Dithmenos
Elyvilon
Fedhas
Gozag
Kikubaaqudgha
Makhleb
Nemelex Xobeh
Okawaru
Qazlal
Ru
Sif Muna
Trog
Vehumet
Xom
Yredelemnul
Zin
The Shining One
Beogh

Shops:
Orc:2 (   Orc:4 *[(}   Elf:1 *   Elf:2 :

Portals:
Trove: D:11 (give wand of heal wounds (8))

Annotations:
D:8 Maurice
D:10 Heskey's ghost, journeyman MiGl
Lair:3 Rupert
Lair:4 Maud, Snorg


Innate Abilities, Weirdness & Mutations

You have claws for hands.
You are completely covered in iridescent scales (AC +8).
You regenerate health from kills.


Message History

Your ice beast hits the hell rat but does no damage.
The deep elf death mage hits you with a short sword.
The hell rat bites you but does no damage.
You scratch the deep elf death mage.
The deep elf death mage is severely wounded.
The hell rat barely misses you.
Your ice beast hits the hell rat.
Your ice beast freezes the hell rat!
The hell rat dies!
The hell rat's corpse disappears in a puff of smoke!
The deep elf death mage points at you and mumbles some strange words.
The bolt of negative energy hits you!
You feel drained.
* * * LOW HITPOINT WARNING * * *
You closely miss the deep elf death mage.
The deep elf death mage is severely wounded.
The hell rat misses you.
Your ice beast barely misses the deep elf death mage.
You closely miss the deep elf death mage.
The deep elf death mage is severely wounded.
The deep elf death mage is infused with unholy energy.
You die...

* ,,
...#...####(##.###+##'#
* ##........#''#+###*
*##. *,
.#..####...)#.).###*{ ##
, ** .#.##..###..#...###
, # *
,,*...#.....#.)#....##*,
,,*......⌠..#..#8...##*+
* * #..#.....#..#....##
,, ,* **
.$.##..###..#...### , ,
*
....####@rs.#...##.,,,,
,*
,##......§e(#+.####..,8
,, * *
e#..#..)Y#########., ,,
, + * ....##..##########
,,,* *
*,*+###....########### ,
,, * * ,
######+######...#+ *****
,#####..#####.$...#
+.###.#####...... *** *
#>###.#####....., ,,


You could see a deep elf death mage, a demonic crawler, a hell rat and a
friendly ice beast.

Vanquished Creatures
  An orc warlord (Orc:4)
  A deep elf high priest (Elf:1)
  Harold (D:11)
  A centaur warrior (D:13)
  3 orc high priests
  Pikel (D:5)
  An ugly thing (Volcano)
  4 deep elf conjurers (Elf:1)
  2 orc sorcerers (Orc:4)
  A cyclops (D:13)
  2 orc knights (Orc:3)
  A black mamba (Lair:3)
  Joseph (D:7)
  An elephant (D:9)
  2 centaur skeletons
  A spiny frog (Lair:4)
  A molten gargoyle (Volcano)
  2 gargoyles (Volcano)
  A komodo dragon (Lair:3)
  An efreet (Volcano)
  A troll (D:11)
  3 deep elf priests (Elf:1)
  A kobold demonologist (D:13)
  3 slime creatures
  Sigmund (D:5)
  5 deep elf magi
  A fire elemental (Volcano)
  6 yaks
  A wyvern (Lair:2)
  A hippogriff (D:13)
  2 hungry ghosts
  10 deep elf fighters
  2 fire bats (Volcano)
  A vampire mosquito (D:10)
  3 wargs (Orc:3)
  A naga (Lair:4)
  A porcupine (Lair:4)
  5 ice beasts
  30 orc warriors
  2 water moccasins
  3 sky beasts
  An eye of draining (D:10)
  A necrophage (D:10)
  A crocodile (D:9)
  6 ogres
  2 wasps
  A phantom (D:8)
  A centaur (D:9)
  3 giant frogs
  Blork the orc (D:6)
  5 scorpions
  7 wights
  3 crimson imps
  A giant frog zombie (D:13)
  2 lava snakes (Volcano)
  A giant frog skeleton (D:10)
  4 jellies
  Crazy Yiuf (D:5)
  4 hounds
  13 orc wizards
  A gnoll shaman (D:10)
  4 iguanas
  22 orc priests
  5 sheep
  2 worker ants
  2 killer bee zombies
  A hound skeleton (D:6)
  A worker ant zombie (D:7)
  16 river rats (Lair:1)
  3 gnolls
  5 adders
  6 oozes
  2 worms
  A giant gecko (D:8)
  103 orcs
  A ball python (D:1)
  4 bats
  3 giant cockroaches
  3 goblins
  5 hobgoblins
  4 jackals
  6 quokkas
  2 giant newts (D:2)
  7 kobolds
  3 rats
  A butterfly (D:5)
  A crawling corpse (Elf:1)
384 creatures vanquished.

Vanquished Creatures (collateral kills)
  Erica (Lair:1)
  A small abomination (Elf:1)
  A deep elf knight (Elf:1)
  2 hill giants
  An unseen horror (D:11)
  A deep elf conjurer (Elf:1)
  2 ugly things
  A griffon (D:12)
  2 black mambas
  A spiny frog (Lair:4)
  A troll (D:12)
  A deep elf priest (Elf:1)
  3 two-headed ogres
  Grinder (D:6)
  2 slime creatures
  2 deep elf magi (Elf:1)
  3 yaks
  A wyvern (D:10)
  6 hippogriffs
  A warg (Orc:4)
  A deep elf fighter (Elf:1)
  A mottled dragon (D:13)
  3 porcupines
  A water moccasin (D:7)
  A wasp (D:13)
  2 black bears
  9 orc warriors
  2 ogres (D:7)
  2 centaurs
  3 crocodiles
  2 big kobolds
  4 giant frogs
  2 wights (D:9)
  4 killer bees (D:7)
  2 lava snakes (Volcano)
  2 hounds
  2 centaur zombies
  13 orc priests
  3 crimson imps
  2 jellies
  3 orc wizards
  Terence (D:2)
  An iguana (Lair:3)
  3 sheep
  A hound zombie (D:6)
  9 river rats (Lair:1)
  An adder (D:7)
  A gnoll (D:6)
  A shadow imp (D:6)
  An adder zombie (D:8)
  An adder skeleton (D:6)
  2 giant geckos
  63 orcs
  A giant cockroach (D:1)
  3 goblins
  4 hobgoblins (D:2)
  3 jackals
  2 quokkas
  6 kobolds
  A butterfly (D:5)
203 creatures vanquished.

Vanquished Creatures (others)
  An orc wizard (D:13)
  A river rat (Lair:4)
  A shadow imp (D:5)
  3 fungi (Lair:4)
  4 plants
10 creatures vanquished.

Grand Total: 597 creatures vanquished

Notes
Turn   | Place    | Note
--------------------------------------------------------------
     0 | D:1      | jacquesderrida the Demonspawn Summoner began the quest for the Orb.
     0 | D:1      | Reached XP level 1. HP: 13/13 MP: 3/3
   135 | D:1      | Gained mutation: You regenerate a little health from kills. [demonic ancestry]
   135 | D:1      | Reached XP level 2. HP: 16/19 MP: 5/5
   188 | D:1      | Learned a level 2 spell: Call Imp
   624 | D:2      | Reached skill level 5 in Summonings
   637 | D:2      | Gained mutation: You regenerate health from kills. [demonic ancestry]
   637 | D:2      | Reached XP level 3. HP: 21/24 MP: 4/6
   751 | D:2      | Noticed Terence
   775 | D:2      | Killed Terence
   911 | D:3      | Learned a level 3 spell: Call Canine Familiar
   974 | D:3      | Found a sacrificial altar of Ru.
  1108 | D:4      | Reached XP level 4. HP: 27/30 MP: 3/7
  1215 | D:4      | Found a shadowy altar of Dithmenos.
  1215 | D:4      | Found a burning altar of Makhleb.
  1216 | D:4      | Found a bloodstained altar of Trog.
  1243 | D:4      | Reached skill level 6 in Summonings
  1276 | D:5      | Entered Level 5 of the Dungeon
  1284 | D:5      | Reached XP level 5. HP: 35/35 MP: 1/8
  1335 | D:5      | Noticed Crazy Yiuf
  1353 | D:5      | Killed Crazy Yiuf
  1353 | D:5      | Reached skill level 7 in Summonings
  1417 | D:5      | Noticed Sigmund
  1430 | D:5      | Killed Sigmund
  1430 | D:5      | Gained mutation: You are partially covered in iridescent scales (AC +4). [demonic ancestry]
  1430 | D:5      | Reached XP level 6. HP: 33/41 MP: 5/9
  1450 | D:5      | Found an opulent altar of Gozag.
  1507 | D:5      | Noticed Pikel
  1530 | D:5      | Found a staircase to the Ecumenical Temple.
  1545 | Temple   | Entered the Ecumenical Temple
  1775 | D:5      | Killed Pikel
  1775 | D:5      | Reached skill level 9 in Summonings
  1775 | D:5      | Gained mutation: You are mostly covered in iridescent scales (AC +6). [demonic ancestry]
  1775 | D:5      | Reached XP level 7. HP: 46/46 MP: 10/10
  1872 | D:6      | Learned a level 4 spell: Summon Ice Beast
  1913 | D:6      | Gained mutation: You have sharp fingernails. [demonic ancestry]
  1913 | D:6      | Reached XP level 8. HP: 53/53 MP: 6/11
  1941 | D:6      | Noticed Blork the orc
  1955 | D:6      | Killed Blork the orc
  1955 | D:6      | Reached skill level 1 in Fighting
  1986 | D:6      | Noticed Grinder
  2022 | D:6      | Killed Grinder
  2022 | D:6      | Reached skill level 1 in Unarmed Combat
  2466 | D:7      | Noticed Joseph
  2492 | D:7      | Killed Joseph
  2524 | D:7      | Found an iron altar of Okawaru.
  2578 | D:7      | Gained mutation: You have very sharp fingernails. [demonic ancestry]
  2578 | D:7      | Reached XP level 9. HP: 65/65 MP: 7/15
  3048 | D:8      | Reached skill level 5 in Spellcasting
  3113 | D:8      | Reached skill level 5 in Fighting
  3142 | D:8      | Noticed Maurice
  3432 | D:9      | Found a staircase to the Orcish Mines.
  3437 | D:9      | Reached skill level 5 in Unarmed Combat
  3470 | D:9      | Found a staircase to the Lair.
  3482 | D:9      | Noticed an elephant
  3488 | D:9      | Killed an elephant
  3507 | D:9      | Found a shattered altar of Ashenzari.
  3513 | D:9      | Became a worshipper of Ashenzari the Shackled
  3536 | D:9      | Found a glowing golden altar of the Shining One.
  3597 | Lair:1   | Entered Level 1 of the Lair of Beasts
  3634 | D:9      | Gained mutation: You are completely covered in iridescent scales (AC +8). [demonic ancestry]
  3634 | D:9      | Reached XP level 10. HP: 59/77 MP: 7/19
  3743 | Lair:1   | Noticed Erica
  3754 | Lair:1   | Killed Erica
  4101 | Lair:2   | Noticed a black mamba
  4117 | Lair:2   | Killed a black mamba
  4128 | Lair:2   | Reached * piety under Ashenzari
  4478 | Lair:3   | Noticed a death yak
  4479 | Lair:3   | Noticed a death yak
  4480 | Lair:3   | Noticed a death yak
  4482 | Lair:3   | Noticed a death yak
  4489 | Lair:3   | Noticed a death yak
  4492 | Lair:3   | Noticed a death yak
  4502 | Lair:3   | Noticed a black mamba
  4535 | Lair:3   | Killed a black mamba
  4807 | Lair:3   | Reached skill level 5 in Dodging
  4816 | Lair:3   | Noticed Rupert
  4821 | Lair:3   | Paralysed by Rupert for 3 turns
  4829 | Lair:3   | Paralysed by Rupert for 5 turns
  5059 | Lair:4   | Noticed a naga warrior
  5061 | Lair:4   | Found a staircase to the Snake Pit.
  5129 | Lair:4   | Noticed Maud
  5151 | Lair:4   | Gained mutation: You have claws for hands. [demonic ancestry]
  5151 | Lair:4   | Reached XP level 11. HP: 45/87 MP: 1/20
  5245 | Lair:4   | Noticed Snorg
  5421 | Lair:1   | Learned a level 4 spell: Summon Lightning Spire
  5432 | Lair:1   | Learned a level 3 spell: Summon Guardian Golem
  5450 | D:10     | Entered Level 10 of the Dungeon
  5657 | D:10     | Reached ** piety under Ashenzari
  5877 | D:10     | Noticed a hill giant
  5891 | D:10     | Killed a hill giant
  5891 | D:10     | Reached skill level 1 in Armour
  5895 | D:10     | Noticed Heskey's ghost (journeyman MiGl)
  6150 | D:11     | Noticed Harold
  6160 | D:11     | Killed Harold
  6301 | D:11     | Killed an unseen horror
  6301 | D:11     | Reached skill level 1 in Shields
  6405 | D:11     | Found a portal to a secret trove of treasure.
  6526 | D:12     | Noticed a hill giant
  6542 | D:12     | Killed a hill giant
  6812 | D:12     | Noticed a rakshasa
  6967 | D:13     | Noticed a seven-headed hydra
  7080 | D:13     | Reached XP level 12. HP: 95/95 MP: 21/21
  7090 | D:13     | Noticed a centaur warrior
  7116 | D:13     | Killed a centaur warrior
  7338 | Orc:1    | Entered Level 1 of the Orcish Mines
  7357 | Orc:1    | Reached *** piety under Ashenzari
  7405 | Orc:2    | Found a roughly hewn altar of Beogh.
  7762 | Orc:2    | Found Anuocuca's Antique Weapon Boutique.
  7833 | Orc:2    | Found a dark tunnel.
  7838 | Volcano  | Entered a volcano
  7955 | Volcano  | Found a bloodstained altar of Trog.
  8218 | Orc:4    | Entered Level 4 of the Orcish Mines
  8319 | Orc:4    | Found a roughly hewn altar of Beogh.
  8349 | Orc:4    | Found Pootowome's Assorted Antiques.
  8354 | Orc:4    | Bought a lumpy orange potion for 25 gold pieces
  8354 | Orc:4    | Bought a scroll labeled HECAR ZOEBA for 28 gold pieces
  8354 | Orc:4    | Bought a scroll labeled HECAR ZOEBA for 28 gold pieces
  8354 | Orc:4    | Bought a scroll labeled QERUHU BEHOI for 28 gold pieces
  8354 | Orc:4    | Bought a fizzy black potion for 25 gold pieces
  8357 | Orc:4    | Reached skill level 5 in Shields
  8357 | Orc:4    | Reached skill level 10 in Unarmed Combat
  8357 | Orc:4    | Reached XP level 13. HP: 101/101 MP: 22/22
  8358 | Orc:4    | Reached skill level 11 in Summonings
  8358 | Orc:4    | Reached XP level 14. HP: 108/108 MP: 22/25
  8422 | Orc:4    | Found a staircase to the Elven Halls.
  8444 | Elf:1    | Entered Level 1 of the Elven Halls
  8538 | Orc:4    | Found a roughly hewn altar of Beogh.
  8538 | Orc:4    | Found Voafutir's Antique Weapon Shop.
  8538 | Orc:4    | Found Eskyoqai's Antique Armour Boutique.
  8538 | Orc:4    | Noticed an orc warlord
  8768 | Orc:4    | Killed an orc warlord
  8817 | Orc:4    | Bought a transparent buckler for 304 gold pieces
  8817 | Orc:4    | Bought a brightly glowing helmet for 304 gold pieces
  8817 | Orc:4    | Identified the +0 helmet "Mobacac" {*Contam rElec Regen+ Dex-2} (You bought it in a shop on level 4 of the Orcish Mines)
  8828 | Orc:4    | Identified the +2 buckler "Nejis" {Dex+4} (You bought it in a shop on level 4 of the Orcish Mines)
  8882 | Orc:4    | Found a roughly hewn altar of Beogh.
  8882 | Orc:4    | Found Cuoxezin's Gadget Boutique.
  8947 | Orc:4    | Bought a wand of disintegration (11) for 180 gold pieces
  9211 | Elf:1    | Found Naistysm's General Store.
  9387 | Elf:2    | Found Hooseunu's Book Shoppe.
  9387 | Elf:2    | Reached **** piety under Ashenzari
  9443 | Elf:2    | Identified a scroll of acquirement
  9447 | Elf:2    | Identified the cursed +0 hat of the Kangaroo {rN+ Regen+ SInv} (You acquired it on level 2 of the Elven Halls)
  9819 | Orc:3    | Reached skill level 10 in Dodging
  9851 | Orc:3    | Found a roughly hewn altar of Beogh.
  9932 | Orc:2    | Noticed Sonja
  9932 | Orc:2    | Noticed Sonja
  9932 | Orc:2    | Sonja changed into Sonja the black mamba
  9937 | Orc:2    | Killed Sonja the black mamba
 10230 | Elf:1    | Killed from afar by a deep elf death mage

Action                   |  1- 3 |  4- 6 |  7- 9 | 10-12 | 13-15 || total
-------------------------+-------+-------+-------+-------+-------++-------
Melee: Spear             |    81 |       |       |       |       ||    81
       Short sword       |    22 |    78 |   221 |    84 |       ||   405
       Unarmed           |       |       |       |   733 |   621 ||  1354
 Cast: Summon Small Mamm |    10 |       |       |       |       ||    10
       Call Imp          |    11 |     5 |     3 |     1 |       ||    20
       Call Canine Famil |     2 |     5 |    14 |    19 |     2 ||    42
       Summon Ice Beast  |       |       |    30 |    87 |    32 ||   149
       Summon Guardian G |       |       |       |     3 |     3 ||     6
       Summon Lightning  |       |       |       |     3 |     1 ||     4
Invok: Scrying           |       |       |       |       |     2 ||     2
Evoke: Wand              |       |     6 |    10 |    13 |     2 ||    31
       Sack of spiders   |       |       |       |     1 |       ||     1
  Use: Scroll            |       |     1 |    21 |    18 |     7 ||    47
       Potion            |       |       |       |    12 |     6 ||    18
 Stab: Sleeping          |     6 |     1 |     2 |       |       ||     9
       Distracted        |       |     2 |     2 |     5 |     3 ||    12
  Eat: Chunk             |     2 |     3 |     8 |    24 |     7 ||    44
       Bread ration      |       |       |     1 |     3 |     1 ||     5
       Pizza             |       |       |       |     1 |       ||     1
       Royal jelly       |       |       |       |     1 |       ||     1
